Map: Eternal Empire LE

Players

cure - Winner!

  • Race: Terran Terran
  • Spawn Location: 7:00

souL

  • Race: Terran Terran
  • Spawn Location: 1:00

Event: StayAtHomestory Cup #1

VOD

Have the link to the VOD?

Description

Time

  • Played on: April 11, 2020, 8:25 a.m.
  • Length: 10:38

All games in this series

Show
View Real Time Build Order
Export as new Build Order

cure Terran - Winner!

Build Orders: Reaper Expand 

Get SALT Encoding   

  12  0:01  SCV  
  13  0:13  SCV  
  14  0:17  Supply Depot  
  14  0:25  SCV  
  15  0:38  SCV  
  15  0:40  Barracks  
  16  0:43  Refinery  
  16  0:50  SCV  
  17  1:03  SCV  
  18  1:15  SCV  
  19  1:27  Orbital Command, Reaper  
  20  1:48  Command Center  
  20  1:53  SCV  
  21  1:56  Supply Depot  
  21  1:59  Marine  
  22  2:05  SCV  
  23  2:10  Factory  
  23  2:18  Marine, SCV  
  23  2:22  Bunker  
  25  2:27  Refinery  
  25  2:30  SCV  
  25  2:36  Marine  
  27  2:42  SCV  
  28  2:54  SCV, Hellion  
  28  2:56  Starport  
  28  2:57  Barracks Reactor  
  31  3:03  Orbital Command  
  31  3:07  SCV  
  32  3:14  Refinery  
  32  3:15  Factory Tech Lab  
  32  3:19  SCV  
  33  3:29  SCV  
  33  3:31  SCV  
  33  3:33  Marine x2, Starport Tech Lab  
  37  3:35  Cyclone  
  37  3:38  Supply Depot  
  40  3:43  SCV x2  
  42  3:52  Marine  
  42  3:53  Marine, Raven  
  46  4:00  SCV x2, Supply Depot  
  48  4:12  SCV x2, Siege Tank  
  54  4:23  Supply Depot  
  55  4:24  SCV x2  
  55  4:31  Command Center  
  55  4:36  SCV x2  
  57  4:46  Starport Reactor  
  57  4:48  SCV x2  
  57  4:50  Barracks  
  57  4:51  Barracks, Stimpack  
  59  4:53  Marine  
  59  4:57  Supply Depot  
  60  5:00  SCV x2  
  60  5:04  Siege Tank  
  65  5:10  Supply Depot  
  65  5:12  SCV x2  
  65  5:14  Marine  
  67  5:25  Engineering Bay x2  
  67  5:27  SCV x2  
  69  5:31  Marine, Refinery  
  69  5:33  Starport Reactor  
  70  5:38  Marine x2  
  70  5:39  Siege Tank  
  75  5:44  Orbital Command  
  75  5:45  Marine x2  
  77  5:52  Terran Infantry Weapons Level 1, Terran Infantry Armor Level 1  
  77  5:54  Marine, Supply Depot  
  78  5:58  Marine x2  
  78  6:01  SCV x2  
  78  6:02  Marine  
  78  6:03  Marine  
  84  6:10  Orbital Command  
  84  6:12  Marine  
  84  6:15  Medivac x2  
  89  6:18  Barracks  
  89  6:19  Barracks  
  89  6:20  SCV x2  
  89  6:21  Marine x4  
  95  6:25  Siege Tank  
  98  6:34  SCV x2  
  98  6:37  SCV, Supply Depot  
  98  6:38  Supply Depot  
  101  6:40  Combat Shield  
  101  6:42  Marine x5  
  101  6:46  SCV x2  
  108  6:49  SCV, Armory  
  109  6:58  SCV x2, Medivac x2  
  115  7:01  SCV  
  115  7:04  Marine x5  
  115  7:06  Barracks Reactor x2  
  121  7:10  Supply Depot  
  121  7:12  Supply Depot  
  121  7:15  SCV  
  121  7:16  SCV x2  
  124  7:23  Refinery x2  
  124  7:28  SCV, Sensor Tower  
  125  7:31  SCV x2  
  125  7:32  Supply Depot  
  125  7:34  Supply Depot  
  127  7:40  SCV, Marine x4  
  127  7:41  Marine  
  127  7:43  SCV x2, Siege Tank  
  138  7:45  Medivac  
  138  7:49  Marine  
  141  7:53  Marine x3, Medivac  
  141  7:56  Supply Depot x2  
  146  7:58  Terran Infantry Weapons Level 2  
  146  8:01  Terran Infantry Armor Level 2  
  146  8:04  Terran Vehicle Weapons Level 1  
  146  8:06  Marine x4  
  150  8:17  Marine x2  
  147  8:25  Marine x4  
  147  8:26  Medivac x2, Siege Tank  
  152  8:37  Factory, Command Center  
  152  8:41  Marine x4  
  148  8:43  SCV  
  148  8:44  SCV x2, Barracks Reactor  
  148  8:47  Marine x4  
  149  8:59  Barracks  
  149  9:00  Barracks  
  149  9:01  Sensor Tower, Barracks  
  149  9:02  Marine x4  
  149  9:05  Marine x2  
  149  9:07  Siege Tank  
  158  9:16  Supply Depot  
  158  9:17  Medivac x2  
  158  9:18  Marine x2, Supply Depot  
  158  9:20  Marine x2  
  158  9:21  Marine  
  158  9:22  Marine  
  150  9:33  Marine x4  
  150  9:34  Siege Tank  
  150  9:36  Marine x2  
  156  9:44  Marine x4  
  156  9:45  Siege Tank  
  163  9:48  Barracks Reactor x2  
  163  9:49  Barracks Reactor  
  163  9:50  Marine x2  
  165  9:53  SCV x3  
  165  9:57  Marine x4  
  175  10:07  SCV  
  175  10:08  SCV x2  
  178  10:15  Marine x6  
Show
View Real Time Build Order
Export as new Build Order

souL Terran 

Build Orders:  

Get SALT Encoding   

  12  0:00  SCV  
  13  0:13  SCV  
  14  0:17  Supply Depot  
  14  0:25  SCV  
  15  0:31  Refinery  
  15  0:39  SCV  
  16  0:46  Barracks  
  16  0:51  SCV  
  17  1:01  Refinery  
  17  1:03  SCV  
  18  1:15  SCV  
  19  1:33  Factory  
  19  1:34  Orbital Command  
  19  1:41  Reaper  
  20  1:47  Supply Depot  
  20  2:00  SCV  
  21  2:13  Reaper  
  22  2:18  Hellion  
  22  2:20  SCV  
  25  2:28  Command Center  
  25  2:32  SCV  
  26  2:37  Supply Depot  
  26  2:41  Hellion  
  28  2:44  SCV  
  28  2:50  Barracks Reactor  
  29  2:54  Starport  
  29  3:00  SCV  
  29  3:05  Factory Tech Lab  
  30  3:12  SCV  
  31  3:23  Cyclone  
  31  3:24  SCV  
  35  3:28  Marine x2  
  35  3:31  Refinery, Starport Tech Lab  
  37  3:36  SCV  
  38  3:41  Orbital Command  
  38  3:45  Supply Depot  
  38  3:47  Marine  
  38  3:48  SCV  
  40  3:49  Marine  
  40  3:53  Raven  
  43  4:00  SCV  
  44  4:05  Siege Tank  
  44  4:09  SCV  
  48  4:11  Marine  
  48  4:12  SCV  
  48  4:13  Marine  
  51  4:19  Supply Depot  
  51  4:22  SCV  
  52  4:24  SCV  
  53  4:34  SCV  
  53  4:35  Supply Depot  
  53  4:36  Raven, SCV  
  53  4:37  Marine  
  58  4:40  Marine  
  59  4:46  SCV  
  59  4:48  SCV, Siege Tank  
  59  4:51  Supply Depot  
  64  4:54  Supply Depot  
  64  4:58  SCV  
  64  4:59  Marine  
  66  5:00  Marine  
  66  5:01  SCV  
  68  5:10  SCV  
  69  5:14  Command Center  
  69  5:17  SCV  
  70  5:22  SCV  
  71  5:28  Viking  
  71  5:29  SCV, Viking  
  71  5:31  Stimpack  
  71  5:33  Marine  
  71  5:34  SCV  
  78  5:37  Refinery  
  78  5:40  Supply Depot  
  78  5:41  SCV  
  79  5:44  Siege Tank  
  79  5:46  SCV  
  82  5:52  Marine  
  82  5:53  SCV  
  84  5:59  SCV  
  85  6:05  SCV  
  85  6:06  Barracks x2, Viking  
  85  6:08  Viking  
  90  6:13  Supply Depot  
  90  6:20  Marine, Siege Tank  
  90  6:25  Engineering Bay  
  94  6:26  Engineering Bay  
  94  6:33  SCV  
  94  6:35  SCV  
  96  6:45  SCV  
  97  6:51  Barracks x2  
  97  6:52  Siege Tank  
  100  6:55  SCV  
  100  6:56  Barracks Reactor x2  
  100  6:58  SCV  
  102  7:05  Terran Infantry Weapons Level 1, Terran Infantry Armor Level 1  
  102  7:07  SCV  
  103  7:10  SCV  
  103  7:14  Marine  
  104  7:16  Orbital Command  
  104  7:18  Medivac x2  
  104  7:19  SCV  
  107  7:24  SCV  
  108  7:31  SCV, Marine  
  108  7:33  Siege Tank  
  108  7:35  Refinery  
  108  7:36  SCV, Refinery  
  114  7:37  Marine x4  
  114  7:38  Marine  
  114  7:40  Marine  
  114  7:43  SCV  
  121  7:49  Marine  
  122  7:54  Marine  
  122  7:55  Marine  
  122  7:57  Marine  
  125  8:03  Supply Depot  
  125  8:04  Supply Depot  
  125  8:11  SCV, Marine  
  125  8:13  Marine, SCV  
  125  8:14  SCV, Combat Shield, Medivac x2  
  125  8:15  Siege Tank  
  125  8:16  Marine  
  125  8:20  Marine  
  125  8:22  Marine  
  125  8:25  SCV  
  125  8:30  SCV, Marine  
  125  8:31  SCV  
  125  8:33  Barracks Reactor  
  125  8:34  Barracks Reactor  
  125  8:37  Refinery  
  125  8:39  Marine x4, SCV  
  128  8:50  Command Center  
  128  9:09  Supply Depot  
  128  9:11  Supply Depot  
  128  9:18  Marine x4  
  128  9:19  SCV x3, Marine x3, Siege Tank  
  128  9:24  Marine x2  
  141  9:25  Medivac x2  
  141  9:31  SCV x3  
  108  9:36  Marine x4  
  108  9:37  Marine x3  
  114  9:43  SCV x2  
  114  9:44  Armory  
  114  9:45  Marine, Command Center  
  116  9:46  Marine, Factory  
  118  9:54  Marine  
  118  9:55  Marine x5, Siege Tank  
  118  9:58  Marine  
  128  10:03  Marine  
  128  10:04  Marine  
  130  10:09  SCV x2  
  130  10:12  Marine  
  130  10:13  Marine x2  
  135  10:15  Marine  
Tags
 
Add a new tag
Caveats
  • Supply blocks, unpowered buildings, or Contaminate may cause inaccurate times.
  • Supply counts are checked every 10 seconds.